Map: 바니 연구소 (공허의 유산)

Players

Stats

  • Race: Protoss Protoss
  • Spawn Location: 6:00

ByuL - Winner!

  • Race: Zerg Zerg
  • Spawn Location: 12:00

Event: IEM Season 11 - Gyeonggi

VOD

https://youtu.be/eUo9wJ0fDzs?t=16m0s

Description

Time

  • Played on: Dec. 16, 2016, 11:44 p.m.
  • Length: 17:20

All games in this series

Show
View Real Time Build Order
Export as new Build Order

Stats Protoss 

Build Orders: 1 Gate Expand, Oracle Opening, Carriers 

Get SALT Encoding   

  12  0:00  Probe (Chrono Boost)  
  13  0:11  Probe (Chrono Boost)  
  14  0:18  Pylon  
  14  0:22  Probe (Chrono Boost)  
  15  0:36  Probe (Chrono Boost)  
  15  0:37  Gateway  
  16  0:43  Assimilator  
  16  0:46  Probe (Chrono Boost)  
  18  0:57  Probe (Chrono Boost)  
  18  1:07  Probe (Chrono Boost)  
  19  1:18  Probe (Chrono Boost)  
  20  1:26  Nexus  
  20  1:34  Cybernetics Core  
  20  1:36  Probe (Chrono Boost)  
  21  1:41  Assimilator  
  21  1:46  Probe (Chrono Boost)  
  22  1:52  Pylon  
  22  1:57  Probe (Chrono Boost)  
  23  2:03  Pylon  
  23  2:07  Adept  
  23  2:12  Probe (Chrono Boost)  
  23  2:14  Warp Gate  
  26  2:24  Probe (Chrono Boost)  
  26  2:27  Cybernetics Core  
  27  2:36  Probe (Chrono Boost)  
  28  2:39  Probe (Chrono Boost)  
  29  2:50  Stargate  
  31  2:51  Probe (Chrono Boost)  
  31  2:52  Probe (Chrono Boost)  
  31  2:53  Adept  
  33  3:02  Probe (Chrono Boost)  
  33  3:05  Probe (Chrono Boost)  
  35  3:13  Probe (Chrono Boost)  
  35  3:15  Pylon  
  35  3:17  Probe (Chrono Boost)  
  35  3:18  Adept  
  37  3:23  Probe (Chrono Boost)  
  40  3:29  Oracle, Probe (Chrono Boost)  
  42  3:34  Probe (Chrono Boost)  
  42  3:38  Assimilator  
  42  3:39  Assimilator  
  42  3:41  Probe (Chrono Boost)  
  46  3:44  Probe (Chrono Boost)  
  46  3:45  Stargate  
  47  3:53  Probe (Chrono Boost)  
  47  3:55  Probe (Chrono Boost)  
  49  4:02  Phoenix  
  49  4:03  Pylon  
  49  4:05  Probe x2 (Chrono Boost)  
  53  4:16  Probe (Chrono Boost)  
  53  4:17  Probe (Chrono Boost)  
  53  4:21  Pylon  
  53  4:23  Pylon, Phoenix  
  53  4:28  Gateway x2, Phoenix  
  57  4:43  Sentry  
  61  4:46  Pylon  
  61  4:47  Mothership Core (Chrono Boost), Phoenix  
  61  4:48  Probe (Chrono Boost)  
  61  4:51  Phoenix  
  67  5:00  Probe (Chrono Boost)  
  68  5:07  Probe (Chrono Boost)  
  68  5:08  Phoenix  
  68  5:12  Probe (Chrono Boost), Adept  
  73  5:15  Phoenix  
  73  5:19  Probe (Chrono Boost)  
  76  5:23  Pylon  
  77  5:28  Probe (Chrono Boost)  
  77  5:31  Probe (Chrono Boost)  
  77  5:32  Phoenix  
  79  5:42  Phoenix  
  79  5:43  Nexus  
  79  5:48  Protoss Air Weapons Level 1, Probe x2 (Chrono Boost)  
  83  5:51  Adept  
  83  5:54  Pylon  
  85  6:00  Phoenix  
  87  6:04  Phoenix  
  89  6:14  Probe x2 (Chrono Boost)  
  91  6:25  Adept x3  
  89  6:28  Phoenix x2  
  91  6:35  Pylon  
  91  6:38  Probe x2 (Chrono Boost)  
  91  6:41  Pylon  
  91  6:47  Assimilator  
  91  6:48  Fleet Beacon  
  91  6:50  Probe x2 (Chrono Boost)  
  91  6:51  Assimilator  
  93  6:56  Phoenix  
  93  7:00  Probe (Chrono Boost)  
  98  7:01  Phoenix  
  98  7:02  Probe (Chrono Boost)  
  98  7:03  Probe (Chrono Boost)  
  100  7:14  Probe (Chrono Boost)  
  100  7:15  Probe x2 (Chrono Boost)  
  103  7:16  Forge  
  103  7:21  Gateway  
  103  7:22  Gateway  
  103  7:23  Carrier  
  103  7:25  Pylon x2  
  103  7:32  Pylon  
  115  7:49  Pylon  
  115  7:52  Photon Cannon  
  115  7:53  Carrier  
  113  8:04  Photon Cannon  
  119  8:06  Photon Cannon  
  119  8:10  Sentry, Adept  
  119  8:12  Adept  
  123  8:17  Twilight Council  
  123  8:28  Stargate  
  123  8:32  Photon Cannon  
  123  8:34  Protoss Air Weapons Level 2  
  123  8:42  Gateway  
  123  8:45  Carrier  
  127  8:59  Graviton Catapult  
  127  9:00  Pylon  
  127  9:11  Adept x2  
  127  9:12  Adept  
  127  9:14  Oracle  
  133  9:19  Resonating Glaives  
  133  9:20  Pylon  
  133  9:23  Pylon  
  136  9:31  Carrier  
  136  9:38  Adept x3  
  138  9:39  Adept x3  
  154  9:53  Carrier  
  155  10:08  Nexus  
  155  10:10  Adept x4, Pylon  
  155  10:11  Adept x2  
  167  10:21  Pylon  
  167  10:24  Carrier  
  173  10:33  Photon Cannon  
  173  10:35  Photon Cannon  
  173  10:37  Photon Cannon  
  173  10:41  Photon Cannon, Pylon  
  173  10:47  Protoss Ground Weapons Level 1  
  173  10:54  Pylon  
  173  10:56  Carrier  
  173  10:57  Adept x2  
  173  10:58  Adept x4  
  185  11:07  Carrier  
  182  11:36  Adept  
  182  11:37  Adept  
  182  11:38  Adept x4  
  124  12:01  Adept x6  
  121  12:02  Carrier  
  129  12:21  Adept x2  
  129  12:22  Adept x4  
  143  12:31  Mothership Core (Chrono Boost)  
  141  12:49  Adept x6  
  135  13:24  Nexus  
  135  13:25  Sentry x2  
  133  13:32  Sentry  
  135  13:35  Sentry x3  
  135  13:40  Pylon  
  141  13:51  Templar Archives  
  141  13:58  Sentry x3  
  141  13:59  Adept x3  
  153  14:04  Pylon  
  153  14:09  Pylon  
  151  14:29  High Templar x4, Adept x2  
  163  14:33  Archon x2  
  163  14:40  Assimilator  
  163  14:43  Oracle  
  163  14:45  Assimilator  
  163  14:51  Adept x2  
  160  15:14  Adept x6  
  106  15:37  Adept x6  
  116  16:01  Adept x6  
  128  16:09  Photon Cannon  
  128  16:11  Photon Cannon x3  
  128  16:13  Photon Cannon x2  
  128  16:22  High Templar x3  
  128  16:23  High Templar  
  128  16:24  Sentry x2  
  140  16:27  Archon x2  
  140  16:32  Pylon  
  140  16:49  Adept x2  
  137  16:55  Adept x4  
Show
View Real Time Build Order
Export as new Build Order

ByuL Zerg - Winner!

Build Orders: Pool First 

Get SALT Encoding   

  12  0:00  Drone  
  13  0:07  Drone  
  14  0:18  Overlord  
  14  0:21  Extractor  
  14  0:23  Drone  
  15  0:36  Drone x2  
  17  0:44  Drone  
  17  0:49  Spawning Pool  
  17  1:11  Hatchery  
  16  1:12  Drone  
  16  1:16  Drone  
  18  1:19  Drone  
  19  1:26  Extractor  
  18  1:36  Queen, Zergling x2  
  18  1:38  Drone  
  22  1:48  Overlord  
  22  2:07  Zergling x2  
  23  2:10  Drone  
  24  2:20  Drone  
  24  2:22  Queen  
  25  2:23  Drone  
  28  2:31  Metabolic Boost, Zergling x2  
  28  2:34  Drone  
  30  2:42  Drone  
  31  2:45  Drone x3  
  31  2:49  Queen  
  31  2:51  Overlord  
  35  3:06  Hatchery  
  35  3:11  Zergling x2  
  35  3:12  Drone x2  
  37  3:16  Drone  
  37  3:17  Drone  
  37  3:19  Drone  
  40  3:21  Drone  
  40  3:22  Drone  
  42  3:27  Overlord  
  42  3:28  Drone  
  42  3:33  Baneling Nest  
  42  3:37  Queen  
  44  3:41  Spore Crawler  
  44  3:43  Drone, Spore Crawler  
  44  3:48  Zergling x2  
  45  3:49  Zergling x6  
  48  4:00  Drone x2  
  48  4:01  Drone x2  
  52  4:07  Drone x2  
  52  4:09  Drone, Spore Crawler  
  52  4:10  Overlord  
  52  4:15  Evolution Chamber  
  52  4:19  Overlord, Extractor  
  52  4:21  Overlord  
  52  4:24  Pneumatized Carapace, Extractor  
  50  4:30  Drone x3  
  53  4:32  Drone x2  
  53  4:35  Drone x3  
  58  4:39  Roach Warren  
  58  4:43  Drone  
  58  4:44  Drone  
  59  4:46  Spore Crawler  
  59  4:47  Overlord  
  59  4:50  Lair  
  58  4:54  Overlord  
  58  4:55  Overlord  
  58  4:57  Drone  
  58  4:58  Drone x2  
  60  5:00  Drone  
  60  5:05  Drone x3  
  63  5:14  Extractor  
  62  5:19  Drone x3  
  62  5:20  Roach x3  
  70  5:21  Zergling x4  
  70  5:23  Zergling x4  
  73  5:35  Zerg Missile Weapons Level 1  
  73  5:36  Drone x4  
  73  5:37  Drone x2  
  73  5:38  Drone x2, Spore Crawler  
  77  5:43  Spore Crawler  
  77  5:44  Drone x2  
  77  5:45  Drone  
  77  5:46  Drone  
  80  5:53  Drone, Hydralisk Den  
  80  5:54  Spore Crawler  
  80  5:55  Drone  
  80  5:56  Overseer  
  80  5:58  Drone x2  
  79  6:05  Spore Crawler, Queen  
  79  6:09  Overlord  
  76  6:11  Drone  
  76  6:12  Baneling Nest  
  76  6:14  Overlord  
  76  6:17  Overlord  
  76  6:19  Overlord  
  76  6:21  Overlord  
  71  6:30  Overlord, Muscular Augments  
  71  6:31  Drone x2  
  71  6:32  Overlord  
  65  6:33  Drone x2  
  65  6:34  Drone  
  65  6:36  Drone x2  
  65  6:37  Extractor  
  65  6:38  Extractor  
  66  6:40  Drone  
  63  6:53  Drone x2  
  63  6:54  Drone  
  64  6:58  Evolution Chamber  
  64  7:01  Hydralisk x4  
  59  7:07  Drone x3  
  70  7:11  Drone x2  
  70  7:12  Drone x2  
  70  7:13  Hydralisk x3  
  78  7:19  Hydralisk  
  78  7:21  Hydralisk x3  
  86  7:23  Drone  
  86  7:25  Zerg Ground Armor Level 1  
  86  7:29  Drone  
  85  7:34  Zerg Missile Weapons Level 2  
  85  7:43  Hatchery  
  84  7:46  Drone  
  84  7:47  Drone x2  
  84  7:48  Hydralisk x2  
  84  7:49  Hydralisk  
  93  7:55  Drone x3  
  93  7:57  Drone x2  
  92  8:01  Hydralisk x2  
  96  8:08  Hydralisk x2  
  96  8:11  Drone x3  
  103  8:16  Hydralisk  
  103  8:19  Overlord  
  105  8:20  Drone  
  105  8:22  Overlord  
  105  8:25  Overlord  
  105  8:27  Overlord  
  105  8:34  Overlord x3  
  105  8:36  Overlord  
  105  8:40  Drone  
  105  8:41  Drone  
  105  8:44  Centrifical Hooks  
  105  8:45  Drone x6  
  111  8:53  Hydralisk  
  111  8:54  Hydralisk x2  
  117  8:56  Drone x2  
  117  9:01  Drone x2  
  117  9:02  Drone x2  
  123  9:05  Extractor  
  122  9:10  Hydralisk  
  122  9:11  Hydralisk  
  122  9:12  Hydralisk  
  128  9:20  Hydralisk  
  128  9:23  Hydralisk, Hatchery  
  129  9:29  Hydralisk x2  
  135  9:33  Queen  
  135  9:35  Spore Crawler  
  136  9:38  Zerg Ground Armor Level 2  
  136  9:41  Hydralisk  
  136  9:42  Hydralisk  
  136  9:44  Hydralisk  
  142  9:47  Overseer  
  142  9:48  Overlord  
  142  9:49  Overlord  
  142  9:54  Hydralisk  
  142  9:57  Hydralisk x3  
  150  10:05  Overlord x2  
  150  10:07  Overlord  
  150  10:08  Hydralisk x2  
  154  10:15  Zergling x2  
  154  10:16  Zergling x14  
  154  10:17  Overseer  
  154  10:18  Overseer  
  162  10:22  Zergling x4  
  162  10:24  Zergling x8  
  162  10:27  Overseer  
  168  10:28  Overseer  
  168  10:30  Zergling x6  
  171  10:38  Hydralisk x2, Zergling x2  
  171  10:39  Zergling x4  
  171  10:42  Baneling  
  178  10:43  Baneling x3  
  178  10:44  Baneling x8  
  178  10:45  Baneling x2  
  178  10:49  Hydralisk  
  178  10:50  Hydralisk x2  
  178  10:55  Hydralisk  
  186  11:02  Baneling x10  
  186  11:04  Baneling  
  186  11:05  Baneling x3  
  186  11:08  Spore Crawler  
  185  11:16  Baneling x2  
  185  11:18  Hydralisk x6  
  194  11:26  Hydralisk  
  194  11:30  Hydralisk x2  
  194  11:31  Hydralisk x3  
  194  11:32  Zergling x2  
  186  11:35  Zergling x2  
  186  11:37  Hydralisk x2  
  186  11:38  Zergling x2  
  175  11:40  Zergling x4  
  175  11:42  Hydralisk  
  154  11:47  Hydralisk x2  
  146  11:54  Hydralisk  
  146  11:59  Hydralisk x4  
  146  12:00  Hydralisk  
  158  12:03  Hydralisk  
  158  12:06  Hydralisk  
  160  12:09  Baneling x2  
  160  12:10  Hydralisk x3  
  160  12:14  Hydralisk  
  168  12:16  Hydralisk x2  
  168  12:17  Zergling x2  
  174  12:22  Zergling x2  
  174  12:24  Overlord x2  
  174  12:31  Baneling x2  
  171  12:39  Hydralisk x3  
  149  12:48  Hydralisk, Zergling x6  
  149  12:49  Hydralisk x6  
  149  12:51  Zergling x2  
  149  13:01  Hydralisk x2  
  149  13:02  Zergling x6  
  149  13:03  Hydralisk  
  149  13:04  Zergling x2  
  138  13:09  Hydralisk x2  
  138  13:12  Baneling x4  
  140  13:17  Hydralisk  
  143  13:20  Zergling x6  
  143  13:24  Hydralisk x2  
  143  13:25  Zergling x2  
  143  13:26  Zergling x2  
  149  13:30  Baneling x3  
  149  13:31  Baneling x5  
  149  13:41  Drone x2  
  150  13:45  Baneling  
  150  13:46  Baneling x7  
  151  13:49  Hydralisk  
  151  13:51  Hatchery  
  152  13:56  Baneling  
  152  13:57  Baneling x7  
  152  14:01  Zergling x6  
  155  14:03  Hydralisk x2  
  155  14:08  Hydralisk x2  
  155  14:09  Hydralisk  
  165  14:14  Drone x2, Hydralisk  
  169  14:20  Hydralisk  
  169  14:21  Hydralisk  
  173  14:29  Overseer  
  173  14:30  Overseer x5  
  173  14:34  Overlord  
  173  14:36  Overlord  
  173  14:38  Zerg Melee Weapons Level 1  
  173  14:47  Baneling  
  173  14:48  Baneling x5, Overlord x2, Overseer  
  173  14:49  Overlord  
  173  14:53  Hydralisk x2  
  160  15:07  Hydralisk x4  
  160  15:08  Hydralisk  
  161  15:16  Hydralisk x3  
  163  15:24  Zergling x6  
  150  15:38  Hydralisk  
  147  15:44  Hydralisk x3  
  147  15:45  Hydralisk  
  147  15:46  Hydralisk  
  147  15:47  Hydralisk  
  147  15:48  Hydralisk x2  
  147  15:49  Zergling x4  
  169  15:50  Zergling x12  
  169  15:52  Baneling x6  
  171  16:00  Zergling x2  
  172  16:08  Overlord  
  172  16:10  Overseer x2  
  172  16:11  Overlord  
  172  16:12  Overseer x2  
  172  16:13  Overseer  
  172  16:16  Baneling  
  172  16:17  Baneling x9  
  172  16:27  Hatchery  
  172  16:31  Hydralisk x5  
  172  16:32  Hydralisk x2  
  185  16:37  Zergling x2  
  181  16:47  Hydralisk x2  
  170  16:56  Hydralisk  
  170  16:59  Zergling x6  

Tags
 
Add a new tag
Caveats
  • Supply blocks, unpowered buildings, or Contaminate may cause inaccurate times.
  • Supply counts are checked every 10 seconds.